 Dungeon Crawl Stone Soup version 0.14-a0-1876-g927fc3a (webtiles) character file.

828 Kae the Insei (level 7, -3/52 HPs)
             Began as a Yellow Draconian Transmuter on Jan 14, 2014.
             Was an Initiate of Sif Muna.
             Slain by a gnoll
             ... wielding a +0,+0 halberd
              (16 damage)
             ... on Level 5 of the Dungeon.
             The game lasted 00:06:40 (4362 turns).

Kae the Insei (Yellow Draconian Transmuter)         Turns: 4362, Time: 00:06:40

HP  -3/52        AC  2     Str 12      XL: 7   Next: 24%
MP   9/12        EV 20     Int 14      God: Sif Muna [......]
Gold 196         SH  0     Dex 22      Spells:  3 memorised,  4 levels left

rFire  . . .     SeeInvis .       - Unarmed
rCold  . . .     Clarity  .     (armour unavailable)
rNeg   . . .     Conserve .     (shield currently unavailable)
rPois  x         rCorr    .     (helmet currently unavailable)
rElec  .         rRot     .     r - melded +0 cloak
SustAb . .       Spirit   .     (gloves currently unavailable)
rMut   .         Warding  .     (boots currently unavailable)
Saprov . . .     Stasis   .     (no amulet)
MR     .....                    (no ring)
                                g - +4 ring of dexterity

@: spider-form, quick, not resistant to hostile enchantments, fairly stealthy
A: (spit acid), (acid resistance), unfitting armour, AC +6
a: End Transformation, Renounce Religion


You were on level 5 of the Dungeon.
You worshipped Sif Muna.
Sif Muna was noncommittal.
You were not hungry.
You were in spider-form.
You visited 2 branches of the dungeon, and saw 6 of its levels.

You collected 196 gold pieces.

Inventory:

Missiles
 b - 56 arrows
Armour
 r - a +0 cloak (melded)
Magical devices
 p - a wand of confusion (17) {unknown}
Comestibles
 a - 6 bread rations
 c - 3 meat rations
 h - a snozzcumber
 x - 13 grapes
 B - a chunk of orc flesh
 C - an apple
Scrolls
 f - 4 scrolls of remove curse {unknown}
 j - 5 scrolls of identify {unknown}
 l - a scroll of curse weapon {unknown}
 m - a scroll of curse armour {unknown}
 o - 2 scrolls of fog {unknown}
 s - a scroll of recharging {unknown}
 u - 2 scrolls of immolation {unknown}
 y - a scroll of magic mapping {unknown}
Jewellery
 g - a +4 ring of dexterity (left front leg)
 k - an uncursed ring of protection from magic {unknown}
Potions
 i - a potion of magic {unknown}
 n - 2 potions of curing
 q - a potion of might
 v - a potion of cure mutation {unknown}
 w - a potion of degeneration {unknown}
 z - a potion of agility {unknown}
Books
 d - a book of Changes

   Spells                             Type                      Level
   *Beastly Appendage                 Transmutation                1
   *Sticks to Snakes                  Transmutation                2
   *Spider Form                       Transmutation/Poison         3
   Ice Form                           Ice/Transmutation            4
   Blade Hands                        Transmutation                5
 A - a book of Wizardry

   Spells                             Type                      Level
   Summon Elemental                   Summoning                    4
   Agony                              Necromancy                   5
   Force Lance                        Conjuration                  5
   Fireball                           Conjuration/Fire             5
   Haste                              Charms                       6
   Invisibility                       Hexes                        6


   Skills:
 - Level 1.1 Fighting
 - Level 1.7 Dodging
 * Level 7.0 Unarmed Combat
 - Level 2.0 Spellcasting
 + Level 5.1 Transmutations


You had 4 spell levels left.
You knew the following spells:

 Your Spells              Type           Power        Failure   Level  Hunger
a - Beastly Appendage     Trmt           ###...       10%         1    ##.....
b - Sticks to Snakes      Trmt           ###.......   14%         2    ###....
c - Spider Form           Trmt/Pois      #.........   45%         3    ####...


Dungeon Overview and Level Annotations

Branches:
Dungeon (5/16)             Temple (1/1) D:4

Altars:
Ashenzari
Cheibriados
Elyvilon
Fedhas
Kikubaaqudgha
Makhleb
Nemelex Xobeh
Okawaru
Sif Muna
Trog
Xom
Yredelemnul
Zin
the Shining One

Shops:
D:4 [


Message History

Unknown command.
The gnoll picks up a throwing net [frayed].
Drink which item? (? for menu, Esc to quit)
You feel better.
The gnoll throws a throwing net [frayed].
The throwing net [frayed] misses you.
Casting: Beastly Appendage
Confirm with . or Enter, or press ? or * to list all spells.
Your talons disappear.
You turn into a venomous arachnid creature.
Your +0 cloak melds into your body.
The gnoll hits you from afar with a spear.
* * * LOW HITPOINT WARNING * * *
The gnoll barely misses you. The gnoll misses you.
The gnoll completely misses you.
The gnoll hits you from afar with a halberd!
You die...

.# #.#...#.##.# .... .#
#.......##.##gg...# .#
#.#................
.######.##.##..#.##.....#
..#...#.##.....#.## ....
............#...g.##.###
......#####...$......#
...#### ###.g##.##.# ..##
#.ggs....# .##
#..##.(...# .#
.....#####..# .. #.###..
..# .# .. ... .# o# .## #
.. ..


You could see 3 gnolls.

Vanquished Creatures
  2 ogres
  A centaur (D:5)
  A giant goldfish zombie (D:4)
  An orc priest (D:4)
  A jelly (D:5)
  A centaur skeleton (D:4)
  2 worker ants (D:4)
  4 adders
  4 gnolls (D:5)
  4 worms
  3 adder skeletons (D:4)
  A giant eyeball (D:4)
  11 orcs
  2 bat zombies (D:4)
  5 giant cockroaches
  9 goblins
  6 hobgoblins
  10 kobolds
  5 ball pythons
  5 bats
  4 giant geckos
  2 giant newts
  5 jackals
  8 rats
97 creatures vanquished.

Vanquished Creatures (others)
  A butterfly (D:5)
1 creature vanquished.

Grand Total: 98 creatures vanquished

Notes
Turn   | Place    | Note
--------------------------------------------------------------
     0 | D:1      | Kae, the Draconian Transmuter, began the quest for the Orb.
     0 | D:1      | Reached XP level 1. HP: 16/16 MP: 3/3
   141 | D:1      | Reached XP level 2. HP: 23/23 MP: 2/4
   751 | D:2      | Reached skill level 4 in Unarmed Combat
   751 | D:2      | Reached XP level 3. HP: 4/28 MP: 4/6
  1613 | D:3      | Reached XP level 4. HP: 35/35 MP: 5/7
  2229 | D:4      | Noticed an ogre
  2235 | D:4      | Learned a level 2 spell: Sticks to Snakes
  2239 | D:4      | Learned a level 3 spell: Spider Form
  2251 | D:4      | Killed an ogre
  2251 | D:4      | Reached skill level 5 in Unarmed Combat
  2251 | D:4      | Reached XP level 5. HP: 4/40 MP: 6/9
  2469 | D:4      | Found Klumul's Armour Boutique.
  2809 | D:4      | Found a staircase to the Ecumenical Temple.
  2832 | D:4      | Paralysed by a giant eyeball for 2 turns
  2842 | Temple   | Entered the Ecumenical Temple
  2859 | Temple   | Became a worshipper of Sif Muna the Loreminder
  3012 | D:4      | Reached XP level 6. HP: 30/47 MP: 10/10
  3299 | D:4      | Reached skill level 6 in Unarmed Combat
  3417 | D:4      | Found an ancient bone altar of Kikubaaqudgha.
  3842 | D:5      | Entered Level 5 of the Dungeon
  4219 | D:5      | Reached skill level 5 in Transmutations
  4219 | D:5      | Your scales start taking on a golden yellow colour.
  4219 | D:5      | Reached XP level 7. HP: 36/52 MP: 12/12
  4349 | D:5      | Paralysed by a potion of paralysis for 4 turns
  4357 | D:5      | Reached skill level 7 in Unarmed Combat
  4362 | D:5      | Slain by a gnoll

Action                   |  1- 3 |  4- 6 |  7- 9 || total
-------------------------+-------+-------+-------++-------
Melee: Unarmed           |   131 |   183 |    16 ||   330
 Cast: Beastly Appendage |    16 |    25 |     3 ||    44
       Spider Form       |       |     3 |     1 ||     4
  Use: Potion            |     2 |       |     3 ||     5
       Scroll            |       |     1 |       ||     1
 Stab: Sleeping          |     1 |     1 |       ||     2
